 Dungeon Crawl Stone Soup version 0.28-a0-29-g0adfcbbeba (webtiles) character file.

Game seed: 13010251800852714787

27207 suicideKingZ the Thaumaturge (level 13, -2/85 HPs)
             Began as a Djinni Fire Elementalist on July 27, 2021.
             Was a Priest of Makhleb.
             Slain by a hell rat (10 damage)
             ... on level 4 of the Lair of Beasts.
             The game lasted 01:26:18 (19081 turns).

suicideKingZ the Thaumaturge (DjFE)                Turns: 19081, Time: 01:26:18

Health: -2/85      AC: 13    Str:  7    XL:     13   Next: 64%
Gold:   786        EV: 16    Int: 22    God:    Makhleb [***...] SH:  5 Dex: 10

rFire   + + .      SeeInvis .   J - staff of air
rCold   x . .      Faith    .   (no shield)
rNeg    + . .      Spirit   .   H - +1 ring mail of Boredom {rN+ Regen+ Dex-4 Slay+2}
rPois   ∞          Reflect  +   L - +1 hat
rElec   +          Harm     .   F - scarf {shadows}
rCorr   .          Rampage  .   n - +0 pair of gloves
Will    +....                   (boots unavailable)
Stlth   ++........              B - amulet of reflection
HPRegen 1.24/turn               c - +4 ring of evasion
MPRegen 0.00/turn               D - +4 ring of protection

@: flying
A: sickness immunity, fire resistance 2, cold vulnerability 1, float, innate
caster, hp casting, extra vitality 1
a: Renounce Religion, Minor Destruction, Lesser Servant of Makhleb


You were on level 4 of the Lair of Beasts.
You worshipped Makhleb.
Makhleb was most pleased with you.
You visited 3 branches of the dungeon, and saw 14 of its levels.
You also visited: Sewer.

You collected 786 gold pieces.

Inventory:

Armour
 n - a +0 pair of gloves (worn)
 F - a scarf of shadows (worn)
 H - the +1 ring mail of Boredom (worn) {rN+ Regen+ Dex-4 Slay+2}
   (You found it on level 2 of the Lair of Beasts)

   Dex:       It affects your dexterity (-4).
   Slay:      It affects your accuracy & damage with ranged weapons and melee
   (+2).
   rN:        It protects you from negative energy.
   Regen:     It increases your rate of health regeneration.
 K - a +1 robe of cold resistance
 L - a +1 hat (worn)
Magical Staves
 j - a staff of death
 J - a staff of air (weapon)
Jewellery
 c - a +4 ring of evasion (left hand)
 B - an amulet of reflection (around neck)
 D - a +4 ring of protection (right hand)
 N - a ring of protection from fire
Wands
 i - a wand of charming (10)
 z - a wand of flame (79)
 C - a wand of paralysis (17)
 G - a wand of iceblast (6)
 I - a wand of acid (17)
 M - a wand of mindburst (36)
Scrolls
 a - 3 scrolls of amnesia {unknown}
 b - 3 scrolls of enchant armour {unknown}
 e - 9 scrolls of identify {unknown}
 f - 2 scrolls of fog
 g - 5 scrolls of teleportation {unknown}
 h - 4 scrolls of enchant weapon {unknown}
 q - a scroll of holy word {unknown}
 w - 2 scrolls of fear {unknown}
 y - 2 scrolls of blinking {unknown}
 A - 2 scrolls of brand weapon {unknown}
Potions
 k - 2 potions of degeneration {unknown}
 m - a potion of flight {unknown}
 o - a potion of attraction {unknown}
 p - 4 potions of heal wounds {unknown}
 r - a potion of magic {unknown}
 s - 2 potions of haste {unknown}
 t - 3 potions of cancellation {unknown}
 u - 2 potions of mutation {unknown}
 v - a potion of invisibility {unknown}
 x - 2 potions of lignification {unknown}
 E - a potion of brilliance {unknown}


   Skills:
 - Level 5.0 Fighting
 + Level 6.8 Armour
 + Level 11.0 Dodging
 - Level 6.6 Stealth
 * Level 12.1 Spellcasting
 - Level 5.8 Invocations


You had 2 spell levels left.
You knew the following spells:

 Your Spells              Type           Power      Damage    Failure   Level
a - Foxfire               Conj/Fire      100%       2x1d9     1%          1
b - Conjure Flame         Conj/Fire      61%        6-21      1%          3
c - Inner Flame           Hex/Fire       61%        N/A       1%          3
d - Sticky Flame          Conj/Fire      61%        2d8       1%          4
e - Fireball              Conj/Fire      30%        3d13      2%          5
f - Freeze                Ice            100%       1d11      1%          1
g - Ensorcelled Hibernat  Hex/Ice        100%       N/A       1%          2
h - Call Imp              Summ           61%        N/A       1%          2
i - Leda's Liquefaction   Hex/Erth       30%        N/A       1%          4
j - Hailstorm             Conj/Ice       61%        3d13      1%          4
k - Metabolic Englaciati  Hex/Ice        30%        N/A       2%          5
Your spell library was empty.

Dungeon Overview and Level Annotations

Branches:
Dungeon (8/15)             Temple (1/1) D:7            Lair (5/6) D:8
 Shoals (0/4) Lair:3       Spider (0/4) Lair:4        Sewer (visited)
  Slime: Lair:5-6

Altars:
Ashenzari
Cheibriados
Dithmenos
Elyvilon
Fedhas
Gozag
Hepliaklqana
Kikubaaqudgha
Makhleb
Nemelex Xobeh
Okawaru
Qazlal
Ru
Sif Muna
Trog
Uskayaw
Vehumet
Wu Jian
Xom
Yredelemnul
Zin
The Shining One

Shops:
D:5 (   D:6 (=

Annotations:
D:7 3 runed translucent doors, Torax's ghost, novice TrVM


Innate Abilities, Weirdness & Mutations

You are immune to sickness and miasma.
You are immune to poison.
Your flesh is very heat resistant. (rF++)
You are vulnerable to cold. (rC-)
You float through the air rather than walking.
You learn spells naturally, not from books.
Your magical power is your life essence.
You have superior vitality. (+4 HP)


Message History

The black mamba is lightly wounded.
The black mamba is covered in liquid flames!
The black mamba burns!
The black mamba bites you.
The black mamba burns!
The black mamba burns!
The black mamba bites you.
A hell rat comes into view.
The black mamba burns!
The black mamba stops burning.
A hell rat comes into view.
The hell rat moves out of view.
A komodo dragon comes into view.
The komodo dragon hisses angrily.
The hell rat roars deafeningly! x2
You hear an angry hiss.
The hell rat roars deafeningly!
The elephant trumpets!
You hear a deafening roar!
You hear a bellow!
You hear a loud, deep croak!
You hear a bellow! x5
The black mamba misses you.
A water moccasin comes into view.
The hell rat roars deafeningly!
You hear a deafening roar!
You hear an angry growl.
You hear an angry hiss.
You hear a trumpeting!
The hell rat bites you but does no damage.
The hell rat bites you! The elephant barely misses you.
The elephant trunk-slaps you but does no damage.
You hear a bellow! x2
There is a stone staircase leading up here.
You block the black mamba's attack. The hell rat bites you!
* * * LOW HITPOINT WARNING * * *
The hell rat closely misses you. The hell rat barely misses you.
The elephant tramples you but does no damage.
You block the elephant's attack.
You fly upwards.
There is a stone staircase leading down here.
Casting: Sticky Flame (mildly dangerous; 1% risk of failure)
Confirm with . or Enter, or press ? or * to list all spells.
You radiate an aura of cold.
The hell rat seems to slow down. x3
The elephant seems to slow down.
The black mamba seems to slow down.
* * * LOW HITPOINT WARNING * * *
The black mamba closely misses you. The hell rat closely misses you.
You block the hell rat's attack. x2; The black mamba bites you!
* * * LOW HITPOINT WARNING * * *
The hell rat bites you!
You die...

..................##...........##
...........#......##...#.#..####
.................##....###..##
...........##....###..## #...#
...........##....# #...###..#####
............#....###...P#...###.#
..................#..............
...............Srr...............
................@Yr..............
.................................
...#P..........#...............P.
...#...........#...............##
...............................##
...............................#.
.......................<........(
.................................
..........................P#.....


You could see an elephant (slow), a black mamba (slow) and 3 hell rats.

Vanquished Creatures
  Gastronok (Lair:3)
  A hydra (Lair:2)
  A catoblepas (Lair:4)
  A death yak (Lair:4)
  Nergalle (Lair:3)
  Pikel (D:7)
  A lindwurm (Lair:4)
  4 oklob plants (Lair:3)
  An elephant (Lair:3)
  2 black mambas
  11 cane toads
  5 rime drakes
  8 komodo dragons
  2 polar bears
  A jumping spider (Lair:4)
  13 blink frogs
  29 yaks
  3 wyverns
  3 steam dragons
  2 basilisks
  An acid dragon (D:8)
  13 water moccasins
  4 black bears
  A sky beast (D:8)
  An ice beast (D:7)
  An orc warrior (D:7)
  A necrophage (D:6)
  2 ogres
  A wolf (D:8)
  6 centaurs
  2 kobold brigands
  A phantom (D:5)
  8 bullfrogs
  A gnoll sergeant (D:6)
  2 wyvern zombies
  A scorpion (D:7)
  4 wights (D:8)
  5 electric eels
  A bullfrog zombie (D:6)
  2 jellies
  An orc priest (D:8)
  A hound (D:6)
  2 bullfrog skeletons
  A gnoll shaman (D:4)
  Ijyb (D:4)
  An iguana (D:7)
  Terence (D:3)
  2 orc wizards
  A hound skeleton (D:4)
  A killer bee simulacrum (D:8)
  14 gnolls
  A howler monkey skeleton (D:5)
  7 adders
  7 river rats (Sewer)
  A white imp (D:8)
  An ufetubus (D:5)
  A worm (D:2)
  4 dart slugs
  16 orcs
  8 bats
  2 endoplasms
  5 giant cockroaches
  9 goblins
  10 hobgoblins
  3 jackals
  34 kobolds
  4 quokkas
  10 ball pythons
  6 frilled lizards
  22 rats
  A bush (Lair:3)
327 creatures vanquished.

Vanquished Creatures (collateral kills)
  A necrophage (D:5)
  Crazy Yiuf (D:5)
2 creatures vanquished.

Vanquished Creatures (others)
  471 foxfires
  30 fungi
  40 plants
541 creatures vanquished.

Grand Total: 870 creatures vanquished

Notes
Turn   | Place    | Note
-------+----------+-------------------------------------------
     0 | D:1      | suicideKingZ the Djinni Fire Elementalist began the quest
                  | for the Orb.
     0 | D:1      | Reached XP level 1. HP: 15/15 MP: 0/0
   405 | D:1      | Reached XP level 2. HP: 19/21 MP: 0/0
   956 | D:1      | Reached XP level 3. HP: 22/25 MP: 0/0
   956 | D:1      | Learned a level 1 spell: Freeze
  1793 | D:2      | Reached skill level 3 in Spellcasting
  2112 | D:2      | Reached XP level 4. HP: 25/31 MP: 0/0
  2813 | D:3      | Noticed Terence
  2920 | D:3      | Found a glowing drain.
  2928 | Sewer    | Entered a sewer
  3093 | Sewer    | Reached XP level 5. HP: 29/35 MP: 0/0
  3093 | Sewer    | Learned a level 2 spell: Ensorcelled Hibernation
  3649 | Sewer    | Reached skill level 4 in Spellcasting
  3649 | Sewer    | Reached XP level 6. HP: 6/40 MP: 0/0
  4720 | D:3      | Killed Terence
  5675 | D:4      | Noticed an ogre
  5701 | D:4      | Killed an ogre
  5702 | D:4      | Reached XP level 7. HP: 28/45 MP: 0/0
  5702 | D:4      | Learned a level 2 spell: Call Imp
  5991 | D:4      | Noticed Ijyb
  6003 | D:4      | Killed Ijyb
  6167 | D:4      | Reached skill level 5 in Spellcasting
  6390 | D:5      | Entered Level 5 of the Dungeon
  6420 | D:5      | Found Umpeex's Antique Weapon Shoppe.
  6451 | D:5      | Found a runed translucent door.
  6452 | D:5      | Noticed Crazy Yiuf
  7436 | D:5      | Noticed a water moccasin
  7444 | D:5      | Killed a water moccasin
  7445 | D:5      | Reached XP level 8. HP: 40/50 MP: 0/0
  7759 | D:5      | Killed Crazy Yiuf
  7925 | D:6      | Reached skill level 6 in Spellcasting
  8110 | D:6      | Found Tilur's Antique Weapon Emporium.
  8110 | D:6      | Noticed a wyvern
  8120 | D:6      | Killed a wyvern
  8320 | D:6      | Found Jodo's Jewellery Shoppe.
  8973 | D:7      | Reached skill level 7 in Spellcasting
  8973 | D:7      | Reached XP level 9. HP: 39/55 MP: 0/0
  8973 | D:7      | Learned a level 4 spell: Leda's Liquefaction
  9135 | D:7      | Reached skill level 5 in Dodging
  9634 | D:7      | Noticed Pikel
  9661 | D:7      | Killed Pikel
  9662 | D:7      | Reached skill level 8 in Spellcasting
 10196 | D:7      | Found a staircase to the Ecumenical Temple.
 10233 | Temple   | Entered the Ecumenical Temple
 10415 | Temple   | Became a worshipper of Makhleb the Destroyer
 10688 | D:7      | Found a runed translucent gate.
 10688 | D:7      | Found a runed translucent gate.
 10689 | D:7      | Found a runed translucent gate.
 10878 | D:7      | Noticed Torax's ghost (novice TrVM)
 10937 | D:8      | Reached XP level 10. HP: 27/60 MP: 0/0
 11716 | D:8      | Reached skill level 9 in Spellcasting
 11863 | D:8      | Reached skill level 1 in Fighting
 11863 | D:8      | Reached skill level 1 in Invocations
 12080 | D:8      | Reached * piety under Makhleb
 12082 | D:8      | Reached skill level 5 in Stealth
 12556 | D:8      | Found a hide-covered altar of Uskayaw.
 12662 | D:8      | Noticed a komodo dragon
 12671 | D:8      | Killed a komodo dragon
 12784 | D:8      | Noticed a komodo dragon
 12785 | D:8      | Noticed a komodo dragon
 12788 | D:8      | Killed a komodo dragon
 12789 | D:8      | Killed a komodo dragon
 13025 | D:8      | Noticed a komodo dragon
 13029 | D:8      | Killed a komodo dragon
 13030 | D:8      | Reached XP level 11. HP: 54/70 MP: 0/0
 13030 | D:8      | Learned a level 4 spell: Hailstorm
 13113 | D:8      | Found a staircase to the Lair.
 13353 | Lair:1   | Entered Level 1 of the Lair of Beasts
 13658 | Lair:1   | Reached skill level 1 in Armour
 13669 | Lair:1   | Reached skill level 10 in Spellcasting
 14580 | Lair:2   | Noticed an eight-headed hydra
 14586 | Lair:2   | Killed an eight-headed hydra
 14896 | Lair:2   | Reached XP level 12. HP: 43/79 MP: 0/0
 15306 | Lair:2   | Reached ** piety under Makhleb
 15311 | Lair:2   | Reached skill level 5 in Fighting
 15311 | Lair:2   | Reached skill level 5 in Invocations
 15467 | Lair:2   | Identified the +1 ring mail of Boredom {rN+ Regen+ Dex-4
                  | Slay+2}
 16026 | Lair:3   | Noticed Nergalle
 16045 | Lair:3   | Noticed Gastronok
 16054 | Lair:3   | Killed Gastronok
 16055 | Lair:3   | Reached skill level 11 in Spellcasting
 16257 | Lair:3   | Killed Nergalle
 16258 | Lair:3   | Reached skill level 10 in Dodging
 16261 | Lair:3   | Reached skill level 5 in Armour
 16279 | Lair:3   | Found a staircase to the Shoals.
 16307 | Lair:3   | Reached XP level 13. HP: 71/85 MP: 0/0
 16307 | Lair:3   | Learned a level 5 spell: Metabolic Englaciation
 17662 | Lair:4   | Found a shimmering altar of Xom.
 17682 | Lair:4   | Noticed a catoblepas
 17693 | Lair:4   | Killed a catoblepas
 17693 | Lair:4   | Reached *** piety under Makhleb
 17835 | Lair:4   | Found a hole to the Spider Nest.
 18658 | Lair:4   | Reached skill level 12 in Spellcasting
 18950 | Lair:5   | Found a frozen archway.
 18998 | Lair:5   | Noticed a four-headed hydra
 19043 | Lair:5   | Noticed a six-headed hydra
 19081 | Lair:4   | Slain by a hell rat

Illustrated notes

Levels and vault maps discovered:
D:1:      co_arrival_random_square_maze, layout_basic, kennysheep_nondescript,
          minmay_pentomino_z4
D:2:      layout_rooms, roderic_filled_cross, minmay_crystal_room,
          grunt_decor_mini_mirrors
D:3:      minmay_razor_zed, layout_basic, cheibrodos_sewer_entry_drain,
          uniq_terence
D:4:      layout_cave_pods, uniq_ijyb
D:5:      layout_loops_ring, serial_shops, shop, st_stairs_12,
          uniq_crazy_yiuf_cottage
D:6:      layout_basic, serial_shops, shop, shop_statue
D:7:      layout_loops_ring, temple_pool_b, gammafunk_ghost_necromancy,
          uniq_pikel
D:8:      kennysheep_steamy, layout_rooms, mainiacjoe_overflow_chevrons,
          erik_lair_dragon, serial_ice, serial_ice_c, serial_ice_h,
          serial_ice_e, serial_ice_i
Temple:   roderic_octagonal_lattice_temple
Lair:1:   layout_roguey
Lair:2:   layout_chaotic_city, chequers_serial_rivers_micro_d
Lair:3:   layout_chaotic_city, minmay_shoals_entry_centaurs,
          infiniplex_staircase_pool_2, minmay_lair_oklob_chamber, uniq_nergalle,
          uniq_gastronok
Lair:4:   layout_small_grid, spider_nest_entry_rubble, basic_altar,
          serial_bayou_lagoon_b, lemuel_fruit_tree, serial_bayou_shore_a
Lair:5:   layout_loops_ring, gammafunk_ghost_hive, portal_ice_cave_rime,
          beast_lair_carwin_9

Skill      XL: |  1  2  3  4  5  6  7  8  9 10 11 12 13 |
---------------+----------------------------------------+-----
Stealth        | 2 3 4 5 6 |  6.6
Spellcasting   | 3 4 5 7 8 9 10 11 12 | 12.1
Dodging        | 3 4 6 8 9 10 11 | 11.0
Fighting       | 2 4 5 |  5.0
Invocations    | 2 4 5 |  5.8
Armour         | 3 5 6 |  6.8

Action                   |  1- 3 |  4- 6 |  7- 9 | 10-12 | 13-15 || total
-------------------------+-------+-------+-------+-------+-------++-------
Melee: Staff             |     4 |    43 |    29 |    12 |     6 ||    94
 Cast: Foxfire           |    70 |   110 |   120 |     4 |     1 ||   305
       Freeze            |       |    20 |     3 |       |       ||    23
       Conjure Flame     |       |     4 |    12 |     3 |       ||    19
       Ensorcelled Hiber |       |     2 |     1 |       |       ||     3
       Sticky Flame      |       |     1 |    16 |    11 |    14 ||    42
       Call Imp          |       |       |    17 |     1 |     4 ||    22
       Fireball          |       |       |    14 |   163 |    80 ||   257
       Hailstorm         |       |       |       |     1 |     2 ||     3
       Metabolic Englaci |       |       |       |       |     9 ||     9
  Use: Scroll            |       |     2 |       |       |     2 ||     4
       Potion            |       |     1 |       |       |     3 ||     4
 Stab: Distracted        |       |       |     1 |       |       ||     1
Armor: Robe              |     7 |    19 |    10 |     3 |     2 ||    41
       Ring mail         |       |       |       |     1 |    28 ||    29
Dodge: Dodged            |    36 |   112 |    50 |    23 |    45 ||   266
Block: Other             |       |       |     8 |     5 |    10 ||    23
       Reflection        |       |       |     1 |     1 |       ||     2

Table legend: (Time is in decaauts)
 A = Elapsed time spent in this place.
 B = Non-inter-level travel time spent in this place.
 C = Inter-level travel time spent in this place.
 D = Time resting spent in this place.
 E = Time spent auto-exploring this place.
 F = Levels seen in this place.
 G = Mean time per level.
                   A        B        C        D        E       F      G
               +--------+--------+--------+--------+--------+-----+--------+
         Total |  19127 |  18436 |    691 |   4908 |  10858 |  15 | 1275.1 |
       Dungeon |  11883 |  11496 |    387 |   2729 |   7187 |   8 | 1485.4 |
        Temple |    284 |    265 |     19 |      0 |    257 |   1 |  284.0 |
          Lair |   5588 |   5303 |    285 |   1659 |   2863 |   5 | 1117.6 |
         Sewer |   1370 |   1370 |      0 |    520 |    551 |   1 | 1370.0 |
               +--------+--------+--------+--------+--------+-----+--------+

Top non-repeatable levels by time:
     D:8: 2424 daAuts
     D:1: 1777 daAuts
  Lair:3: 1742 daAuts
     D:7: 1525 daAuts
     D:4: 1476 daAuts
  Lair:2: 1475 daAuts
     D:6: 1439 daAuts
   Sewer: 1370 daAuts
  Lair:4: 1211 daAuts
     D:5: 1210 daAuts
     D:2: 1097 daAuts
  Lair:1: 1060 daAuts
     D:3: 933 daAuts
  Temple: 284 daAuts
  Lair:5: 98 daAuts
